Map: 2000 Atmospheres LE

Players

Antis - Winner!

  • Race: Zerg Zerg

Asuna

  • Race: Protoss Protoss

VOD

Have the link to the VOD?

Description

Time

  • Played on: Oct. 8, 2021, 3:46 p.m.
  • Length: 17:42
Show
View Real Time Build Order
Export as new Build Order

Antis Zerg - Winner!

Build Orders: Hatch First, Brood Lord Corruptor 

Get SALT Encoding   

  12  0:00  Drone  
  13  0:12  Overlord  
  13  0:16  Drone  
  14  0:30  Drone x2  
  16  0:47  Drone  
  17  0:52  Hatchery  
  17  0:56  Drone  
  17  0:57  Drone  
  18  1:09  Extractor  
  17  1:12  Spawning Pool  
  17  1:15  Drone  
  17  1:19  Drone  
  18  1:33  Drone  
  19  1:40  Drone  
  20  1:51  Overlord  
  20  2:07  Queen x2  
  25  2:08  Zergling x4  
  26  2:15  Drone  
  26  2:16  Drone  
  26  2:21  Metabolic Boost  
  28  2:24  Drone  
  28  2:26  Drone  
  30  2:40  Hatchery  
  30  2:43  Zergling x2  
  30  2:45  Drone x2  
  32  2:53  Queen  
  34  2:58  Overlord  
  34  3:00  Drone x2  
  35  3:15  Spore Crawler  
  35  3:16  Drone  
  35  3:20  Zergling x4  
  35  3:21  Zergling x2  
  35  3:25  Drone x3  
  42  3:31  Queen  
  42  3:33  Overlord  
  44  3:43  Overlord  
  44  3:51  Queen, Spore Crawler  
  44  3:53  Drone  
  44  3:54  Drone x3  
  49  3:57  Drone, Overlord  
  49  4:02  Drone x3  
  53  4:08  Drone x3  
  55  4:12  Zergling x4  
  57  4:18  Drone  
  57  4:21  Overlord  
  57  4:23  Drone  
  59  4:27  Queen  
  61  4:32  Drone x5  
  66  4:41  Spore Crawler  
  66  4:42  Drone x5  
  70  4:48  Lair  
  70  4:52  Drone, Evolution Chamber, Roach Warren  
  69  4:53  Drone x2  
  69  4:55  Drone, Extractor  
  69  4:59  Drone x3  
  73  5:02  Overlord  
  72  5:13  Drone, Extractor  
  72  5:14  Drone  
  73  5:21  Drone x4  
  77  5:24  Hatchery  
  77  5:26  Zerg Missile Weapons Level 1, Overlord  
  77  5:27  Drone  
  77  5:28  Drone x4  
  81  5:31  Spore Crawler  
  81  5:33  Overlord  
  80  5:39  Drone  
  80  5:40  Drone  
  82  5:44  Queen x2  
  86  5:50  Zergling x4  
  86  5:54  Drone x3  
  86  5:55  Drone x5  
  96  6:03  Extractor  
  95  6:04  Spire  
  95  6:07  Infestation Pit  
  95  6:08  Drone x5  
  95  6:10  Evolution Chamber  
  97  6:17  Drone  
  97  6:18  Overlord  
  98  6:25  Extractor  
  97  6:27  Overlord x3  
  96  6:34  Overseer  
  96  6:35  Queen  
  96  6:38  Zerg Ground Armor Level 1, Hatchery  
  97  6:40  Drone x5  
  97  6:42  Evolution Chamber  
  101  6:50  Drone x9  
  101  6:51  Spore Crawler x2  
  101  6:52  Extractor  
  101  6:53  Spore Crawler  
  106  6:54  Spore Crawler  
  106  6:58  Spore Crawler  
  106  6:59  Zergling x12  
  110  7:02  Queen  
  112  7:09  Roach  
  112  7:10  Roach x3  
  112  7:11  Zerg Melee Weapons Level 1  
  112  7:15  Hive  
  120  7:17  Overlord  
  120  7:18  Overseer  
  120  7:23  Roach x3  
  120  7:26  Overlord x3  
  120  7:28  Glial Reconstitution  
  126  7:30  Overlord x2  
  126  7:43  Drone x6  
  131  7:51  Extractor x2  
  131  7:53  Drone x3  
  131  7:54  Drone x3, Extractor  
  131  7:56  Extractor  
  131  7:57  Spore Crawler  
  132  8:00  Pneumatized Carapace, Overlord x3  
  132  8:01  Overseer  
  132  8:03  Drone x4  
  132  8:04  Drone  
  137  8:11  Zerg Flyer Weapons Level 1  
  136  8:13  Zerg Missile Weapons Level 2  
  136  8:14  Spire  
  136  8:18  Zergling x2, Roach x2  
  136  8:19  Zergling x16  
  148  8:23  Drone  
  148  8:24  Baneling Nest  
  148  8:28  Spore Crawler  
  148  8:30  Drone  
  148  8:31  Drone x2  
  148  8:32  Drone x2  
  152  8:35  Zerg Ground Armor Level 2  
  152  8:36  Overlord x2  
  152  8:37  Overseer, Spore Crawler  
  152  8:38  Spore Crawler  
  152  8:39  Spore Crawler  
  149  8:42  Overlord x3  
  149  8:46  Adrenal Glands  
  149  8:52  Viper x2  
  154  9:10  Centrifugal Hooks  
  154  9:13  Hatchery  
  154  9:15  Drone x3  
  154  9:16  Drone x3  
  159  9:18  Zerg Melee Weapons Level 2  
  159  9:21  Corruptor x4, Spore Crawler x2  
  165  9:25  Zergling x14  
  172  9:35  Evolution Chamber  
  172  9:36  Burrow  
  171  9:39  Spine Crawler, Spore Crawler x2  
  171  9:41  Spore Crawler  
  171  9:45  Drone x4  
  171  9:47  Drone x3  
  171  9:49  Drone  
  175  9:52  Unknown  
  175  9:56  Infestor x2  
  175  9:57  Infestor, Hatchery  
  179  10:00  Corruptor  
  179  10:01  Spore Crawler x2  
  179  10:10  Zerg Flyer Armor Level 1  
  179  10:13  Baneling x4  
  176  10:37  Corruptor  
  176  10:38  Corruptor x9  
  194  10:45  Hatchery  
  194  10:48  Greater Spire  
  181  10:59  Zergling x2  
  181  11:00  Zergling x20  
  192  11:07  Zerg Missile Weapons Level 3  
  192  11:08  Zerg Ground Armor Level 3  
  192  11:09  Ultralisk Cavern  
  189  11:28  Extractor  
  189  11:30  Extractor  
  189  11:32  Corruptor x7  
  188  11:33  Spore Crawler  
  188  11:34  Spore Crawler  
  188  11:35  Spore Crawler x2  
  188  11:36  Spore Crawler  
  189  11:46  Zergling x2  
  188  11:47  Zergling x14  
  188  11:49  Corruptor  
  188  11:50  Corruptor x2  
  195  12:01  Spore Crawler  
  195  12:02  Spore Crawler  
  195  12:04  Spore Crawler  
  195  12:07  Brood Lord  
  195  12:08  Brood Lord x3  
  197  12:09  Corruptor x2  
  147  12:38  Corruptor  
  147  12:39  Corruptor x5  
  147  12:42  Zergling x16  
  147  12:43  Zergling x8  
  166  12:49  Brood Lord  
  170  12:51  Brood Lord  
  170  13:09  Hatchery  
  169  13:14  Drone x3  
  169  13:15  Drone x7, Roach  
  169  13:16  Drone  
  169  13:17  Zergling x2  
  181  13:24  Infestor x2  
  185  13:28  Baneling x4  
  185  13:29  Baneling x2  
  185  13:38  Drone x3  
  185  13:39  Spore Crawler  
  185  13:40  Unknown  
  186  13:48  Drone x4  
  185  13:57  Hatchery  
  183  14:07  Ultralisk  
  189  14:10  Ultralisk  
  189  14:14  Zerg Melee Weapons Level 3, Chitinous Plating  
  193  14:18  Viper  
  195  14:31  Brood Lord x5  
  191  14:38  Queen x2  
  194  14:48  Ultralisk  
  200  15:02  Zerg Flyer Weapons Level 2  
  200  15:03  Zerg Flyer Armor Level 2  
  200  15:04  Pathogen Glands  
  192  15:22  Corruptor x4  
  200  15:32  Anabolic Synthesis  
  200  15:38  Overseer x2  
  170  16:06  Ultralisk x4  
  194  16:12  Brood Lord x3  
  194  16:15  Brood Lord x4  
  194  16:16  Brood Lord  
  196  16:27  Zergling x8  
  181  16:53  Brood Lord x3  
  165  16:55  Viper  
  165  16:56  Corruptor  
  165  16:57  Corruptor x4  
  165  16:59  Zergling x2  
  165  17:00  Zergling x22  
  165  17:01  Queen x2  
  182  17:08  Zergling x2  
  170  17:11  Drone x5  
  175  17:23  Drone, Spore Crawler  
  175  17:24  Drone x5  
  175  17:25  Spine Crawler  
Show
View Real Time Build Order
Export as new Build Order

Asuna Protoss 

Build Orders: 1 Gate Expand, Oracle Opening, Carriers 

Get SALT Encoding   

  12  0:00  Probe  
  13  0:13  Pylon  
  13  0:18  Probe  
  14  0:30  Probe (Chrono Boost)  
  15  0:36  Gateway  
  15  0:42  Probe (Chrono Boost)  
  16  0:48  Probe (Chrono Boost)  
  17  0:52  Assimilator  
  17  0:56  Probe  
  18  1:08  Probe  
  19  1:20  Probe  
  20  1:28  Nexus  
  20  1:38  Cybernetics Core  
  20  1:40  Probe  
  21  1:48  Assimilator  
  21  1:52  Probe  
  22  1:56  Pylon  
  22  2:05  Probe  
  23  2:11  Adept (Chrono Boost)  
  25  2:17  Probe  
  25  2:21  Stargate  
  26  2:29  Pylon  
  27  2:30  Probe  
  27  2:36  Adept  
  29  2:39  Warp Gate  
  29  2:40  Probe (Chrono Boost)  
  29  2:44  Probe (Chrono Boost)  
  32  2:51  Probe (Chrono Boost)  
  32  2:53  Probe (Chrono Boost)  
  32  2:56  Probe (Chrono Boost)  
  34  3:00  Probe  
  34  3:01  Void Ray (Chrono Boost)  
  39  3:14  Probe  
  39  3:18  Probe  
  41  3:23  Pylon  
  41  3:26  Gateway, Probe  
  42  3:30  Probe  
  43  3:37  Oracle  
  43  3:41  Probe  
  47  3:42  Probe  
  48  3:53  Probe  
  48  3:54  Probe  
  50  3:56  Assimilator  
  50  3:58  Assimilator  
  50  3:59  Pylon  
  50  4:05  Probe  
  50  4:06  Probe  
  50  4:17  Nexus, Probe (Chrono Boost)  
  50  4:18  Probe (Chrono Boost)  
  50  4:19  Pylon  
  52  4:27  Pylon  
  52  4:30  Probe x2 (Chrono Boost)  
  54  4:38  Probe x2 (Chrono Boost)  
  56  4:40  Adept x2  
  56  4:41  Shield Battery  
  56  4:44  Probe  
  56  4:45  Probe  
  60  4:49  Void Ray, Stargate  
  61  4:56  Probe  
  66  5:00  Probe  
  66  5:02  Pylon  
  67  5:07  Forge  
  67  5:12  Probe  
  67  5:13  Probe  
  69  5:24  Probe, Pylon  
  69  5:25  Probe  
  69  5:26  Robotics Facility  
  71  5:29  Void Ray x2 (Chrono Boost)  
  71  5:36  Probe  
  71  5:37  Probe  
  71  5:38  Probe  
  82  5:44  Photon Cannon  
  82  5:46  Photon Cannon  
  82  5:48  Probe  
  82  5:49  Probe  
  84  5:50  Probe  
  85  6:01  Assimilator, Probe x2  
  85  6:02  Protoss Air Weapons Level 1 (Chrono Boost), Assimilator  
  85  6:03  Probe  
  92  6:11  Void Ray (Chrono Boost)  
  92  6:12  Void Ray (Chrono Boost)  
  92  6:13  Probe x2  
  92  6:15  Probe  
  88  6:25  Probe x2  
  95  6:27  Probe, Pylon  
  95  6:30  Robotics Bay  
  95  6:31  Robotics Facility  
  95  6:39  Photon Cannon, Observer  
  98  6:42  Void Ray  
  98  6:48  Void Ray  
  100  6:57  Photon Cannon  
  100  6:59  Gateway  
  100  7:01  Zealot  
  106  7:02  Gateway, Zealot  
  106  7:06  Photon Cannon  
  106  7:08  Shield Battery  
  108  7:11  Pylon  
  108  7:14  Fleet Beacon  
  108  7:16  Protoss Ground Weapons Level 1, Pylon  
  108  7:18  Disruptor (Chrono Boost)  
  111  7:28  Zealot x2  
  115  7:30  Disruptor (Chrono Boost)  
  118  7:37  Pylon  
  118  7:40  Pylon  
  118  7:48  Gateway  
  118  7:50  Gateway, Nexus, Disruptor  
  121  7:52  Pylon  
  121  7:55  Pylon  
  121  7:59  Disruptor  
  121  8:03  Stargate  
  124  8:13  Carrier (Chrono Boost)  
  124  8:14  Photon Cannon  
  124  8:15  Photon Cannon  
  124  8:16  Shield Battery  
  124  8:17  Photon Cannon  
  130  8:20  Zealot  
  130  8:22  Probe  
  133  8:27  Shield Battery  
  133  8:28  Pylon  
  133  8:31  Photon Cannon  
  133  8:32  Protoss Air Weapons Level 2 (Chrono Boost)  
  133  8:34  Probe, Shield Battery  
  133  8:35  Probe  
  133  8:36  Probe  
  136  8:43  Zealot  
  136  8:46  Probe  
  139  8:51  Probe x2  
  139  8:55  Assimilator  
  147  8:57  Carrier (Chrono Boost), Assimilator  
  147  9:00  Probe  
  147  9:02  Disruptor x2 (Chrono Boost)  
  148  9:03  Probe  
  148  9:07  Probe x2  
  154  9:12  Probe  
  161  9:21  Probe  
  165  9:25  Oracle (Chrono Boost)  
  165  9:28  Carrier (Chrono Boost), Pylon  
  165  9:30  Twilight Council  
  165  9:35  Immortal, Observer  
  170  9:43  Photon Cannon  
  170  9:45  Shield Battery  
  170  9:47  Pylon  
  170  9:48  Zealot  
  178  9:53  Carrier (Chrono Boost)  
  178  9:59  Carrier (Chrono Boost)  
  184  10:06  Charge (Chrono Boost)  
  182  10:12  Templar Archives  
  182  10:15  Gateway  
  182  10:19  Gateway  
  182  10:20  Gateway  
  182  10:23  Protoss Ground Weapons Level 2 (Chrono Boost)  
  179  10:30  Gateway  
  179  10:31  Gateway  
  179  10:33  Zealot  
  181  10:45  Nexus, Dark Shrine  
  181  10:47  Zealot x2  
  181  10:48  Zealot x3, Pylon  
  181  10:49  Pylon  
  187  11:01  Carrier (Chrono Boost)  
  187  11:03  Zealot  
  185  11:10  Photon Cannon  
  191  11:11  Photon Cannon  
  191  11:12  Shield Battery  
  191  11:15  High Templar x4  
  199  11:19  Archon x2  
  199  11:20  Flux Vanes  
  199  11:22  Photon Cannon x2  
  199  11:24  Pylon  
  199  11:28  Shield Battery  
  199  11:29  Photon Cannon  
  193  11:41  Zealot x3  
  193  11:45  Void Ray x2  
  193  11:46  Zealot x2  
  196  11:55  Zealot x3  
  196  11:57  Probe x2  
  193  12:02  Void Ray  
  189  12:13  Zealot x2  
  197  12:19  Protoss Air Weapons Level 3 (Chrono Boost)  
  197  12:22  Void Ray (Chrono Boost)  
  196  12:25  Void Ray (Chrono Boost)  
  175  12:37  Void Ray (Chrono Boost)  
  144  12:40  Zealot x3  
  121  12:53  Probe x5  
  121  12:57  Carrier (Chrono Boost)  
  126  13:00  Carrier (Chrono Boost)  
  126  13:05  Probe x2  
  140  13:09  Assimilator  
  140  13:18  Assimilator  
  140  13:23  Photon Cannon  
  140  13:24  High Templar x4  
  140  13:25  Photon Cannon  
  140  13:26  Shield Battery  
  148  13:28  Archon x2  
  148  13:40  Carrier (Chrono Boost), Zealot x2  
  156  13:43  Zealot, Probe  
  156  13:45  Probe x4  
  163  13:49  Observer  
  163  13:55  Probe  
  163  13:57  Probe  
  163  13:58  Oracle (Chrono Boost)  
  164  14:03  Carrier (Chrono Boost)  
  170  14:12  Photon Cannon  
  170  14:14  Photon Cannon  
  166  14:25  Blink (Chrono Boost)  
  166  14:31  Protoss Ground Weapons Level 3 (Chrono Boost)  
  152  14:43  High Templar x2  
  152  14:44  High Templar  
  152  14:49  Archon  
  152  14:50  Assimilator  
  152  14:51  Zealot x2, High Templar  
  152  14:52  Zealot x5  
  168  14:59  Archon  
  148  15:33  Zealot x2  
  148  15:34  Zealot x9  
  162  15:55  Stalker x10  
  162  15:56  Stalker  
  151  16:06  Pylon  
  148  16:19  High Templar x4  
  148  16:20  Stalker x7  
  148  16:25  Archon  
  170  16:30  Archon  
  141  16:51  Void Ray x3 (Chrono Boost)  
  86  17:10  Pylon  
  86  17:17  Photon Cannon  
  86  17:19  High Templar  
  86  17:20  High Templar x3  
  86  17:21  Zealot x6  
  86  17:22  Shield Battery  
  106  17:23  Photon Cannon  
  106  17:24  Photon Cannon  
  106  17:25  Archon  
  106  17:26  Archon  
  102  17:30  Zealot  
Tags
 
Add a new tag
Caveats
  • Supply blocks, unpowered buildings, or Contaminate may cause inaccurate times.
  • Supply counts are checked every 10 seconds.